 Dungeon Crawl Stone Soup version 0.26-a0-27-g1f0226971c (webtiles) character file.

Game seed: 9049647599544746904, levelgen mode: deterministic

154 MisterFreud the Slasher (level 5, -1/33 HPs)
             Began as an Octopode Gladiator on May 27, 2020.
             Succumbed to a worker ant's poison
             ... on level 3 of the Dungeon.
             The game lasted 00:02:54 (2151 turns).

MisterFreud the Slasher (Octopode Gladiator)        Turns: 2151, Time: 00:02:55

Health: -1/33      AC:  1    Str: 13    XL:     5   Next: 36%
Magic:  5/5        EV: 14    Int: 12    God:
Gold:   140        SH:  0    Dex: 13    Spells: 4/4 levels left

rFire    . . .     SeeInvis .   a - +0 long sword
rCold    . . .     Gourm    .   (no shield)
rNeg     . . .     Faith    .   j - +0 hat
rPois    .         Spirit   .   (no amulet)
rElec    .         Reflect  .   (no ring)
rCorr    .         Harm     .   (no ring)
MR       +....                  (no ring)
Stlth    ++........             (no ring)
HPRegen  0.11/turn              (no ring)
MPRegen  0.09/turn              (no ring)
                                (no ring)
                                (no ring)

@: lethally poisoned (-1 -> -9), slowed, very slow
A: almost no armour, stealthy swim, amphibious, 8 rings, constrict 8, camouflage
1, blurry vision 1, frail 1, magic resistance 1, gelatinous body 1
a: no special abilities


You were on level 3 of the Dungeon.
You were not hungry.

You visited 1 branch of the dungeon, and saw 3 of its levels.

You collected 140 gold pieces.

Inventory:

Hand Weapons
 a - a +0 long sword (weapon)
 b - a +1 hunting sling of flaming
Missiles
 c - 3 throwing nets
 e - 6 boomerangs (quivered)
 h - 10 atropa-tipped darts
 k - 63 stones
Armour
 j - a +0 hat (worn)
Scrolls
 f - a scroll of enchant weapon {unknown}
 m - a scroll of identify {unknown}
 o - a scroll of remove curse {unknown}
 p - 3 scrolls of teleportation {unknown}
Potions
 l - a potion of flight {unknown}
 n - a potion of cancellation {unknown}
Comestibles
 d - 3 rations
 q - 2 chunks of flesh


   Skills:
 - Level 4.0 Fighting
 + Level 4.7 Long Blades
 - Level 2.0 Throwing
 - Level 3.0 Dodging


You had 4 spell levels left.
You didn't know any spells.
Your spell library was empty.

Dungeon Overview and Level Annotations

Branches:
Dungeon (3/15)

Altars:


Innate Abilities, Weirdness & Mutations

You cannot wear most types of armour.
You are very stealthy in the water. (Stealth+)
You are amphibious.
You can wear up to eight rings at the same time.
You can use your tentacles to constrict eight enemies at once.
Your skin changes colour to match your surroundings (Stealth+).
Your rubbery body absorbs attacks. (AC +1, EV +1)
Scrolls take you a little longer to read.
You are frail. (-10% HP)
You are resistant to hostile enchantments. (MR+)


Message History

You hit the worker ant but do no damage.
You squeeze the worker ant, but do no damage.
The worker ant is moderately wounded.
The worker ant bites you.
You hit the worker ant.
The worker ant is heavily wounded.
You constrict the worker ant, but do no damage.
The worker ant bites you.
* * * LOW HITPOINT WARNING * * *
The worker ant bites you!
* * * LOW HITPOINT WARNING * * *
You are lethally poisoned!
The worker ant poisons you!
Unknown command.
Unknown command.
It was a potion of mutation.
You feel extremely strange.
You feel frail.
Your vision blurs.
You feel resistant to hostile enchantments.
You constrict the worker ant.
You die...

.# #.# ##.## ##...# ##
######...$#
...###.........#
#......#.......# ####.
#......#.##..#.##..(((.
#.........#..()@a((....
#......#<.#..#.##...(..
#......#..#..#.# ####.
######.........#
####....### ###.## #.#
..#


You could see a worker ant.

Vanquished Creatures
  An orc priest (D:3)
  An orc wizard (D:3)
  A worker ant (D:2)
  An adder (D:2)
  2 oozes
  A worm (D:2)
  A dart slug (D:1)
  3 orcs (D:3)
  5 bats
  2 giant cockroaches (D:2)
  11 goblins
  5 hobgoblins
  3 frilled lizards
  6 kobolds
  7 rats
50 creatures vanquished.

Notes
Turn   | Place    | Note
-------+----------+-------------------------------------------
     0 | D:1      | MisterFreud the Octopode Gladiator began the quest for the
                  | Orb.
     0 | D:1      | Reached XP level 1. HP: 14/14 MP: 1/1
   117 | D:1      | Reached XP level 2. HP: 20/20 MP: 2/2
   789 | D:1      | Reached XP level 3. HP: 26/26 MP: 3/3
  1704 | D:2      | Reached XP level 4. HP: 14/33 MP: 4/4
  2143 | D:3      | Reached XP level 5. HP: 22/37 MP: 5/5
  2150 | D:3      | HP: 1/37 [worker ant (7)]
  2151 | D:3      | Gained mutation: You are frail. (-10% HP) [potion of
                  | mutation]
  2151 | D:3      | Gained mutation: Scrolls take you a little longer to read.
                  | [potion of mutation]
  2151 | D:3      | Gained mutation: You are resistant to hostile enchantments.
                  | (MR+) [potion of mutation]
  2151 | D:3      | Succumbed to a worker ant's poison

Illustrated notes

Levels and vault maps discovered:
D:1:      lightli_arrival_quake, layout_basic
D:2:      minmay_chambers_of_ones, layout_rooms, chequers_serial_rivers_micro_e
D:3:      layout_loops_cross, uniq_natasha

Skill      XL: |  1  2  3  4 |
---------------+-------------+-----
Fighting       | 3 4 |  4.0
Long Blades    | 4 |  4.7
Throwing       | |  2.0
Dodging        | |  3.0

Action                   |  1- 3 |  4- 6 || total
-------------------------+-------+-------++-------
Melee: Long sword        |    56 |    12 ||    68
       Tentacles         |    14 |     2 ||    16
       Constrict         |    12 |     4 ||    16
 Fire: Hunting sling     |     9 |    25 ||    34
  Use: Potion            |       |     2 ||     2
 Stab: Sleeping          |    10 |       ||    10
  Eat: Chunk             |     2 |     2 ||     4
Armor: Skin              |     3 |     2 ||     5
Dodge: Dodged            |    32 |    10 ||    42
       Rpst.: Long sword |     5 |     2 ||     7

Table legend:
 A = Non-vault XP
 B = Vault XP
 C = Vault XP percentage of total XP
 D = Non-vault monster count
 E = Vault monster count
 F = Vault count percentage of total count
                 A         B        C        D         E       F
            +---------+---------+-------+---------+---------+-------
      Total |     170 |      51 |  23.1 |      45 |       5 |  10.0
            +---------+---------+-------+---------+---------+-------
        D:1 |      41 |       0 |   0.0 |      23 |       0 |   0.0
        D:2 |      36 |      51 |  58.6 |      15 |       5 |  25.0
        D:3 |      93 |       0 |   0.0 |       7 |       0 |   0.0
            +---------+---------+-------+---------+---------+-------
